Map: Frozen Temple

Players

llllllllllll - Winner!

  • Race: Protoss Protoss
  • League: Diamond

Riot

  • Race: Terran Terran
  • League: Diamond

VOD

Have the link to the VOD?

Description

Time

  • Played on: Aug. 14, 2016, 5:37 p.m.
  • Length: 19:55
Show
View Real Time Build Order
Export as new Build Order

llllllllllll Protoss - Winner!

Build Orders: Oracle Opening 

Get SALT Encoding   

  12  0:01  Probe (Chrono Boost)  
  13  0:11  Probe (Chrono Boost)  
  14  0:22  Probe (Chrono Boost)  
  14  0:23  Pylon  
  15  0:41  Probe (Chrono Boost)  
  16  0:45  Gateway  
  16  0:52  Probe (Chrono Boost)  
  17  1:01  Assimilator  
  17  1:02  Probe (Chrono Boost)  
  18  1:05  Assimilator  
  18  1:13  Probe (Chrono Boost), Pylon  
  19  1:23  Probe (Chrono Boost)  
  20  1:34  Probe (Chrono Boost), Cybernetics Core  
  21  1:44  Probe (Chrono Boost)  
  22  1:55  Probe (Chrono Boost)  
  22  1:59  Nexus  
  24  2:11  Mothership Core (Chrono Boost)  
  24  2:14  Stalker  
  27  2:29  Probe (Chrono Boost)  
  28  2:36  Stargate  
  28  2:40  Probe (Chrono Boost)  
  29  2:50  Probe (Chrono Boost)  
  30  3:01  Probe (Chrono Boost)  
  31  3:05  Forge  
  31  3:12  Probe (Chrono Boost)  
  32  3:14  Pylon  
  32  3:16  Probe (Chrono Boost)  
  33  3:22  Probe (Chrono Boost)  
  33  3:24  Oracle  
  38  3:27  Probe (Chrono Boost)  
  38  3:31  Assimilator  
  38  3:33  Probe (Chrono Boost)  
  39  3:37  Probe (Chrono Boost)  
  40  3:43  Probe (Chrono Boost)  
  40  3:44  Photon Cannon  
  40  3:47  Photon Cannon  
  40  3:48  Probe (Chrono Boost)  
  42  3:55  Photon Cannon  
  42  3:58  Photon Cannon  
  42  4:22  Probe (Chrono Boost)  
  42  4:23  Probe (Chrono Boost)  
  44  4:24  Pylon  
  44  4:33  Probe x2 (Chrono Boost), Void Ray  
  50  4:39  Stargate  
  50  4:42  Pylon x2  
  50  4:48  Photon Cannon  
  50  4:50  Probe (Chrono Boost), Photon Cannon  
  50  4:51  Assimilator  
  51  5:13  Probe (Chrono Boost)  
  53  5:14  Probe (Chrono Boost)  
  53  5:19  Void Ray  
  57  5:23  Void Ray  
  57  5:24  Probe (Chrono Boost), Stargate  
  57  5:25  Probe (Chrono Boost)  
  57  5:26  Pylon  
  63  5:36  Robotics Facility  
  60  6:02  Void Ray  
  60  6:03  Void Ray  
  64  6:06  Photon Cannon, Pylon  
  64  6:10  Void Ray  
  72  6:23  Pylon  
  72  6:38  Pylon  
  72  6:40  Pylon  
  72  6:44  Void Ray  
  72  7:11  Void Ray x2  
  72  7:22  Robotics Bay  
  80  7:29  Robotics Facility, Pylon  
  80  7:34  Pylon  
  80  7:47  Pylon  
  80  7:51  Pylon  
  80  7:52  Pylon  
  80  7:54  Pylon  
  80  8:02  Nexus  
  66  8:42  Void Ray  
  66  8:45  Colossus x2  
  66  8:46  Void Ray  
  74  8:49  Void Ray  
  74  8:54  Extended Thermal Lance  
  86  9:07  Assimilator  
  86  9:09  Assimilator  
  86  9:19  Probe x2 (Chrono Boost)  
  88  9:30  Nexus  
  88  9:31  Probe (Chrono Boost)  
  89  9:32  Colossus x2, Pylon  
  89  9:43  Probe (Chrono Boost)  
  102  9:54  Probe (Chrono Boost)  
  102  9:59  Void Ray  
  103  10:00  Void Ray  
  103  10:04  Probe (Chrono Boost)  
  112  10:11  Void Ray  
  116  10:19  Probe (Chrono Boost)  
  116  10:29  Probe (Chrono Boost)  
  116  10:32  Photon Cannon  
  117  10:36  Photon Cannon  
  117  10:37  Photon Cannon  
  117  10:38  Photon Cannon  
  115  11:01  Pylon  
  114  11:16  Colossus x2  
  122  11:25  Void Ray x2  
  122  11:26  Void Ray  
  134  11:46  Nexus  
  134  11:48  Pylon  
  102  12:11  Void Ray x2  
  102  13:05  Void Ray x3  
  108  13:20  Immortal x2  
  116  13:30  Probe (Chrono Boost)  
  116  13:31  Gateway  
  117  13:41  Probe (Chrono Boost), Photon Cannon  
  117  13:48  Void Ray x2  
  119  13:51  Mothership Core (Chrono Boost)  
  127  14:01  Pylon  
  126  14:05  Observer  
  127  14:20  Photon Cannon  
  127  14:26  Void Ray  
  106  15:47  Assimilator  
  106  15:54  Immortal x2  
  104  16:00  Void Ray x3  
  124  16:26  Warp Gate  
  124  16:27  Gateway  
  124  16:29  Gateway  
  124  16:31  Gateway  
  124  16:34  Gateway  
  124  16:37  Assimilator  
  124  16:42  Void Ray  
  124  16:43  Void Ray x2  
  127  17:16  Colossus  
  127  17:17  Colossus  
  127  17:25  Stalker, Void Ray x2  
  149  17:35  Photon Cannon  
  149  17:47  Photon Cannon  
  141  18:03  Photon Cannon  
  141  18:05  Photon Cannon  
  141  18:07  Photon Cannon  
  141  18:11  Pylon  
  141  18:36  Void Ray x2  
Show
View Real Time Build Order
Export as new Build Order

Riot Terran 

Build Orders: MMM Bio 

Get SALT Encoding   

  12  0:01  SCV  
  13  0:14  SCV  
  14  0:19  Supply Depot  
  14  0:26  SCV  
  15  0:41  SCV  
  15  0:42  Barracks  
  16  0:46  Refinery  
  16  0:53  SCV  
  17  1:00  Barracks  
  17  1:05  SCV  
  18  1:17  SCV  
  19  1:29  Marine  
  20  1:33  Orbital Command  
  20  1:45  Supply Depot  
  20  1:46  Barracks Tech Lab  
  20  1:47  Barracks Reactor  
  20  1:58  SCV  
  21  2:10  Bunker, SCV  
  22  2:17  Factory  
  22  2:18  Marine  
  23  2:24  SCV  
  23  2:25  Refinery  
  24  2:36  SCV, Marine  
  26  2:38  Marine x2  
  28  2:50  SCV, Engineering Bay  
  28  2:53  Stimpack, Marine  
  29  3:08  Widow Mine  
  31  3:23  Command Center  
  31  3:41  Factory Reactor  
  31  3:45  Starport  
  31  4:00  Missile Turret  
  31  4:17  Marine  
  31  4:29  Factory Tech Lab, Supply Depot  
  31  4:30  Supply Depot  
  31  4:32  Engineering Bay  
  31  4:35  Marine x3  
  34  4:39  Orbital Command  
  34  4:47  Medivac  
  34  4:52  Medivac, Marine  
  38  4:54  SCV  
  40  5:05  Missile Turret  
  40  5:07  Terran Infantry Armor Level 1  
  40  5:09  Terran Infantry Weapons Level 1  
  40  5:11  Marine  
  41  5:20  SCV  
  41  5:21  SCV, Marine  
  44  5:30  Combat Shields  
  44  5:31  Marine  
  44  5:33  SCV x2  
  44  5:35  Marine  
  48  5:37  Siege Tank  
  48  5:38  Liberator  
  48  5:41  Supply Depot  
  51  5:45  SCV  
  51  5:49  SCV  
  51  5:52  Refinery  
  54  6:03  SCV, Marine x3  
  58  6:04  SCV  
  59  6:14  Supply Depot  
  59  6:15  SCV  
  59  6:16  SCV  
  59  6:17  Armory  
  61  6:20  Marine  
  62  6:35  Supply Depot  
  62  6:36  SCV x2, Marine x2  
  62  6:38  Marine  
  66  6:47  Siege Tank  
  69  7:00  Supply Depot  
  69  7:04  Barracks  
  69  7:05  Supply Depot  
  57  7:08  Command Center  
  57  7:09  Marine x3  
  60  7:21  Viking  
  63  7:22  Viking  
  62  7:27  Marine x3  
  62  7:29  SCV  
  68  7:30  Factory Reactor  
  68  7:40  Terran Infantry Weapons Level 2  
  68  7:45  Marine x2  
  68  7:46  Marine  
  71  7:53  SCV  
  71  7:54  SCV  
  71  7:56  Barracks Reactor  
  73  8:01  Barracks  
  73  8:03  Marine x2  
  75  8:06  Barracks  
  75  8:10  Widow Mine  
  75  8:12  Widow Mine  
  79  8:17  Marine  
  77  8:20  Marine  
  77  8:23  Viking  
  77  8:26  Medivac  
  78  8:36  Marine x2  
  76  8:42  Marine x3  
  76  8:45  Orbital Command  
  79  8:50  SCV  
  79  8:54  Terran Infantry Armor Level 2  
  80  8:59  Missile Turret  
  80  9:01  SCV  
  81  9:03  Marine x2  
  81  9:06  Marine  
  81  9:07  Marine  
  81  9:08  Barracks Reactor  
  85  9:18  Barracks Reactor  
  85  9:23  Widow Mine x2  
  87  9:25  Medivac  
  87  9:26  Barracks  
  87  9:28  Marine x3  
  94  9:32  Marine x2  
  94  9:35  Missile Turret  
  97  9:38  SCV  
  97  9:43  Supply Depot  
  97  9:45  Marine x3  
  99  9:46  Orbital Command  
  100  9:55  Marine x3  
  103  10:02  Missile Turret  
  103  10:05  Marine x5  
  108  10:12  Marine  
  108  10:13  Marine  
  110  10:15  Marine  
  110  10:19  Marine  
  112  10:22  Marine  
  112  10:23  Widow Mine, Marine x2  
  112  10:24  Missile Turret  
  117  10:32  Widow Mine  
  117  10:33  SCV x2  
  117  10:34  Terran Ship Weapons Level 1, Marine x2, Supply Depot  
  123  10:44  Marine  
  123  10:46  Marine  
  125  10:56  Marine x2  
  126  10:58  Marine x4  
  126  10:59  Marine  
  125  11:06  Marine  
  125  11:07  Marine  
  125  11:09  Viking x2  
  125  11:10  Marine  
  121  11:14  Marine x2  
  121  11:16  Marine  
  121  11:18  Marine  
  114  11:21  SCV  
  114  11:22  Starport  
  114  11:25  Marine x2  
  115  11:30  Marine  
  108  11:39  Viking  
  99  11:40  Marine x7  
  99  11:42  Marine  
  105  11:49  Marine x2  
  107  11:58  Marine x3  
  87  12:01  Marine x3  
  87  12:02  Marine x2  
  87  12:07  Viking  
  81  12:09  Viking  
  83  12:18  Orbital Command, Marine x3  
  83  12:21  Marine  
  88  12:28  Marine  
  88  12:29  Marauder  
  89  12:30  Marine  
  89  12:33  Marine  
  89  12:38  Marine  
  90  12:50  Marauder, Marine x4  
  76  12:59  Marine  
  76  13:03  Viking  
  79  13:05  Marine  
  79  13:06  Orbital Command  
  79  13:11  Marauder, Marine x2  
  84  13:13  Marine  
  84  13:19  Marine x2  
  83  13:20  Marine  
  83  13:24  Widow Mine  
  86  13:33  Marauder  
  88  13:37  Marine x3  
  88  13:38  Barracks Reactor  
  88  13:39  Marine  
  92  13:43  SCV  
  93  13:53  SCV  
  93  13:54  SCV  
  95  14:03  Terran Infantry Weapons Level 3  
  95  14:04  Marine  
  95  14:08  Marauder, Marine x2  
  100  14:12  Marine x2  
  100  14:15  Widow Mine x2  
  100  14:17  Marine  
  106  14:23  Refinery  
  107  14:25  Missile Turret  
  107  14:26  Viking  
  109  14:34  Marine  
  109  14:36  Marine  
  111  14:40  Marine  
  111  14:41  Marine x4  
  111  14:42  SCV  
  111  14:43  Medivac  
  117  14:48  Marine x3  
  118  14:55  Ghost Academy  
  118  14:56  Viking  
  119  15:13  Medivac, Marine  
  119  15:14  Marine x4  
  87  15:18  Marine x2  
  77  15:23  Marine  
  77  15:24  Marine x2  
  52  15:37  Marine x2  
  52  15:38  Orbital Command  
  53  15:50  Marine  
  53  15:55  Marine  
  49  16:15  Marine  
  49  16:16  Marine  
  49  16:18  Marine  
  52  16:21  Marine  
  52  16:22  Marine  
  54  16:32  SCV  
  55  16:33  SCV, Marine  
  55  16:36  Marine  
  60  16:43  Marine  
  59  16:50  Marine  
  59  16:52  Starport  
  60  16:56  Marine x2  
  60  16:59  Marine  
  57  17:05  Viking x2  
  39  17:16  Marine x2  
  37  17:27  Marine x2  
  37  17:28  Marine x2  
  37  17:29  SCV  
  42  17:40  Marine  
  39  17:54  Marine x2  
  39  17:58  Marine  
  33  18:02  Viking  
  34  18:07  SCV  
  35  18:23  Viking  
  37  18:31  SCV  
  37  18:32  SCV  
  41  18:39  Viking  
Tags
 
Add a new tag
Caveats
  • Supply blocks, unpowered buildings, or Contaminate may cause inaccurate times.
  • Supply counts are checked every 10 seconds.